 Dungeon Crawl Stone Soup version 0.27-a0-1591-gc56fcc985a (webtiles) character file.

Game seed: 15083973052620452648

707 night the Destroyer (level 7, -2/44 HPs)
             Began as a Tengu Conjurer on July 19, 2021.
             Slain by an ice beast (8 damage)
             ... on level 5 of the Dungeon.
             The game lasted 00:06:41 (4545 turns).

night the Destroyer (Tengu Conjurer)                Turns: 4545, Time: 00:06:42

Health: -2/44      AC:  3    Str:  7    XL:     7   Next: 67%
Magic:  5/15       EV: 15    Int: 21    God:
Gold:   202        SH:  0    Dex: 18    Spells: 8/15 levels left

rFire    . . .     SeeInvis +   o - +3 flail (freeze)
rCold    . . .     Faith    .   (no shield)
rNeg     . . .     Spirit   .   a - +0 robe
rPois    .         Reflect  .   (helmet restricted)
rElec    .         Harm     .   l - +0 cloak
rCorr    .         Rampage  .   (no gloves)
Will     .....                  (boots unavailable)
Stlth    ++........             (no amulet)
HPRegen  0.14/turn              j - +6 ring of dexterity
MPRegen  0.14/turn              c - ring of see invisible

@: lethally poisoned (-2 -> -14), flying quickly and evasively, very slightly
contaminated, quick
A: beak, talons 3, nimble flight
a: no special abilities


You were on level 5 of the Dungeon.
You visited 1 branch of the dungeon, and saw 5 of its levels.

You collected 202 gold pieces.

Inventory:

Hand Weapons
 d - a +0 dagger
 i - a +0 long sword
 o - a +3 flail of freezing (weapon)
Missiles
 e - 49 stones
 m - 2 boomerangs
Armour
 a - a +0 robe (worn)
 l - a +0 cloak (worn)
 n - a +3 ring mail
Jewellery
 c - a ring of see invisible (right hand)
 j - a +6 ring of dexterity (left hand)
Scrolls
 g - 2 scrolls of teleportation
 p - a scroll of fog
 v - a scroll of holy word {unknown}
Potions
 b - a potion of resistance
 f - a potion of might {unknown}
 h - a potion of flight {unknown}
 k - 2 potions of degeneration {unknown}
 q - a potion of attraction {unknown}
 r - a potion of brilliance {unknown}
 t - a potion of heal wounds {unknown}


   Skills:
 + Level 4.4 Fighting
 - Level 2.1 Dodging
 - Level 2.0 Stealth
 + Level 4.7 Spellcasting
 + Level 8.2 Conjurations


You had 8 spell levels left.
You knew the following spells:

 Your Spells              Type           Power      Damage    Failure   Level
a - Magic Dart            Conj           100%       1d8       1%          1
b - Searing Ray           Conj           78%        3d6       1%          2
c - Iskenderun's Mystic   Conj/Tloc      22%        2d6       21%         4

Your spell library contained the following spells:

 Spells                   Type           Power      Damage    Failure   Level
 Dazzling Flash           Conj/Hex       44%        N/A       6%          3
 Fulminant Prism          Conj/Hex       11%        3d9       21%         4
 Call Canine Familiar     Summ           4%         N/A       32%         3
 Gell's Gravitas          Tloc           2%         N/A       32%         3
 Portal Projectile        Hex/Tloc       8%         N/A       32%         3
 Teleport Other           Tloc           4%         N/A       32%         3
 Animate Armour           Summ/Erth      8%         N/A       73%         4
 Dispersal                Tloc           2%         N/A       100%        6


Dungeon Overview and Level Annotations

Branches:
Dungeon (5/15)
 Temple: D:4-7

Altars:

Shops:
D:4 *


Innate Abilities, Weirdness & Mutations

You have a beak for a mouth.
You have claws for feet.
Your magical nature lets you fly swiftly and evasively.


Message History

The scorpion is moderately wounded.
The scorpion stings you. The scorpion stings you!
You are poisoned.
The scorpion poisons you!
You barely miss the scorpion. You claw the scorpion.
The scorpion is moderately wounded.
You feel very sick.
An ice beast comes into view.
The scorpion stings you.
You completely miss the scorpion. Your kick misses the scorpion.
The scorpion is moderately wounded.
You feel very sick. The scorpion completely misses you.
The scorpion closely misses you.
Casting: Searing Ray (safe; 1% risk of failure)
Confirm with . or Enter, or press ? or * to list all spells.
Aiming: Searing Ray (safe; 1% risk of failure)
Press: ? - help, Shift-Dir - straight line, f - ice beast
Aim: an ice beast (81% to hit)
The searing ray hits the ice beast!
The ice beast is moderately wounded. (Press . to maintain the ray.)
You feel sick. The scorpion stings you. The ice beast closely misses you.
Casting: Searing Ray (safe; 1% risk of failure)
Confirm with . or Enter, or press ? or * to list all spells.
The spell is quite dangerous to cast (21% risk of failure)!
Continue anyway?
You miscast Iskenderun's Mystic Blast.
You are very lightly contaminated with residual magic.
Nothing appears to happen.
You feel sick. The scorpion barely misses you. The ice beast barely misses you.
Casting: Iskenderun's Mystic Blast (quite dangerous; 21% risk of failure)
Confirm with . or Enter, or press ? or * to list all spells.
The spell is quite dangerous to cast (21% risk of failure)!
Continue anyway?
You miscast Iskenderun's Mystic Blast.
Nothing appears to happen.
You feel sick. The scorpion stings you!
* * * LOW HITPOINT WARNING * * *
You are lethally poisoned!
The scorpion poisons you! The ice beast hits you.
* * * LOW HITPOINT WARNING * * *
The ice beast freezes you!
You die...

. ## ### .. #....#
.#.##.#.# #### >........
....
.#...$#.################
........................
##...#.################
## #Y# #@# #s# #.. #...
#.... #.##.. ..# ... ###
...


You could see an ice beast and a scorpion.

Vanquished Creatures
  2 black bears
  2 necrophages (D:4)
  A centaur skeleton (D:4)
  2 orc priests
  A scorpion zombie (D:5)
  2 orc wizards (D:5)
  A hound zombie (D:5)
  A hound skeleton (D:5)
  3 adders
  A howler monkey skeleton (D:4)
  A white imp (D:5)
  An adder skeleton (D:4)
  3 dart slugs (D:1)
  6 worms
  13 orcs
  7 endoplasms
  3 giant cockroaches
  5 goblins
  3 hobgoblins (D:1)
  2 jackals (D:1)
  4 kobolds
  4 quokkas
  7 ball pythons
  7 bats
  4 frilled lizards
  2 rats (D:1)
88 creatures vanquished.

Notes
Turn   | Place    | Note
-------+----------+-------------------------------------------
     0 | D:1      | night the Tengu Conjurer began the quest for the Orb.
     0 | D:1      | Reached XP level 1. HP: 10/10 MP: 4/4
   130 | D:1      | Found a faded altar of an unknown god.
   151 | D:1      | Reached XP level 2. HP: 16/16 MP: 3/6
   246 | D:1      | Reached skill level 1 in Fighting
   722 | D:1      | Reached XP level 3. HP: 20/20 MP: 4/7
  1105 | D:2      | Reached skill level 6 in Conjurations
  1105 | D:2      | Reached XP level 4. HP: 17/26 MP: 2/9
  1290 | D:1      | Learned a level 2 spell: Searing Ray
  1295 | D:1      | Learned a level 4 spell: Iskenderun's Mystic Blast
  1308 | D:2      | Reached skill level 2 in Fighting
  3016 | D:4      | Gained mutation: Your magical nature lets you fly swiftly
                  | and evasively. [Tengu growth]
  3016 | D:4      | Reached XP level 5. HP: 10/31 MP: 1/10
  3422 | D:4      | Noticed a black bear
  3426 | D:4      | Killed a black bear
  3427 | D:4      | Reached skill level 7 in Conjurations
  3427 | D:4      | Reached XP level 6. HP: 37/37 MP: 5/12
  3620 | D:4      | Found Miageil's General Store.
  3792 | D:4      | Noticed a necrophage
  3804 | D:4      | Killed a necrophage
  3903 | D:4      | Noticed a necrophage
  3910 | D:4      | Killed a necrophage
  3911 | D:4      | Reached XP level 7. HP: 34/42 MP: 14/14
  4197 | D:5      | Entered Level 5 of the Dungeon
  4243 | D:5      | Reached skill level 8 in Conjurations
  4257 | D:5      | Got the Reference Book on the Supportive Voyage
  4545 | D:5      | HP: 6/44 [ice beast (2)]
  4545 | D:5      | Slain by an ice beast

Illustrated notes

Levels and vault maps discovered:
D:1:      minmay_arrival_loop, layout_loops_ring,
          hellmonk_ecumenical_altar_inner_sanctum
D:2:      layout_loops_ring
D:3:      layout_loops_cross
D:4:      layout_loops_ring, serial_shops, shop
D:5:      layout_basic, chequers_temple_overflow_statue_of_worship

Skill      XL: |  1  2  3  4  5  6  7 |
---------------+----------------------+-----
Fighting       | 1 2 3 4 |  4.4
Conjurations   | 6 7 8 |  8.2
Spellcasting   | 3 4 |  4.7
Dodging        | |  2.1
Stealth        | |  2.0

Action                   |  1- 3 |  4- 6 |  7- 9 || total
-------------------------+-------+-------+-------++-------
Melee: Dagger            |     2 |       |       ||     2
       Kick              |     2 |     9 |     7 ||    18
       Long sword        |     2 |     1 |       ||     3
       Flail             |       |    27 |    20 ||    47
       Peck              |       |     4 |     4 ||     8
 Cast: Magic Dart        |    44 |    70 |    12 ||   126
       Searing Ray       |       |     6 |     6 ||    12
       Iskenderun's Myst |       |       |     1 ||     1
  Use: Scroll            |       |     6 |       ||     6
 Stab: Sleeping          |     1 |     2 |       ||     3
Armor: Robe              |     3 |     8 |     5 ||    16
Dodge: Dodged            |     7 |    28 |    22 ||    57

Table legend: (Time is in decaauts)
 A = Elapsed time spent in this place.
 B = Non-inter-level travel time spent in this place.
 C = Inter-level travel time spent in this place.
 D = Time resting spent in this place.
 E = Time spent auto-exploring this place.
 F = Levels seen in this place.
 G = Mean time per level.
                   A        B        C        D        E       F      G
               +--------+--------+--------+--------+--------+-----+--------+
         Total |   4497 |   4393 |    104 |    504 |   3408 |   5 |  899.4 |
       Dungeon |   4497 |   4393 |    104 |    504 |   3408 |   5 |  899.4 |
               +--------+--------+--------+--------+--------+-----+--------+

Top non-repeatable levels by time:
     D:1: 1282 daAuts
     D:4: 1189 daAuts
     D:2: 866 daAuts
     D:3: 817 daAuts
     D:5: 340 daAuts
